 Dungeon Crawl Stone Soup version 0.29.1-15-g9cfb28693d (webtiles) character file.

Game seed: 5920129568501363470

2563 H0rd4k the Insei (level 9, -1/64 HPs)
             Began as an Octopode Artificer on Apr 11, 2023.
             Was an Initiate of Gozag.
             Slain by a wight
             ... wielding a +0 long sword
              (13 damage)
             ... on level 7 of the Dungeon.
             The game lasted 00:07:45 (9117 turns).

H0rd4k the Insei (Octopode Artificer)               Turns: 9117, Time: 00:07:46

Health: -1/64      AC:  1    Str:  9    XL:     9   Next: 57%
Magic:  26/26      EV: 14    Int: 17    God:    Gozag
Gold:   1122       SH:  0    Dex: 22    Spells: 19/19 levels left

rFire   . . .      SeeInvis .   E - +7 dagger "Earthworm" {speed, rPois Will+ Str-3 Dex+4}
rCold   + . .      Faith    .   (no shield)
rNeg    + . .      Spirit   .   (helmet restricted)
rPois   +          Reflect  .   (no amulet)
rElec   .          Harm     .   l - ring of positive energy
rCorr   .          Rampage  .   j - ring of magical power
Will    +....                   y - +4 ring of slaying
Stlth   +++.......              z - +6 ring of dexterity
HPRegen 0.20/turn               A - ring of protection from cold
MPRegen 0.20/turn               (no ring)
                                (no ring)
                                (no ring)

@: no status effects
A: almost no armour, amphibious, 8 rings, camouflage 1, gelatinous body 1,
(nimble swimmer 1), tentacles
a: Renounce Religion, Potion Petition, Call Merchant, Bribe Branch


You were on level 7 of the Dungeon.
You worshipped Gozag.
Gozag was most pleased with you.
You visited 2 branches of the dungeon, and saw 8 of its levels.

You collected 1175 gold pieces.
You paid 53 gold pieces to Gozag.

Inventory:

Hand Weapons
 E - the +7 dagger "Earthworm" (weapon) {speed, rPois Will+ Str-3 Dex+4}
   (You took it off a gnoll on level 5 of the Dungeon)

   Attacks with this weapon are significantly faster.
   Str:       It affects your strength (-3).
   Dex:       It affects your dexterity (+4).
   rPois:     It protects you from poison.
   Will:      It increases your willpower.
Missiles
 o - 4 poisoned darts
 s - 2 throwing nets
Magical Staves
 e - a staff of conjuration
Jewellery
 b - an amulet of reflection
 j - a ring of magical power (right tentacle)
 l - a ring of positive energy (left tentacle)
 y - a +4 ring of slaying (on tentacle)
 z - a +6 ring of dexterity (on tentacle)
 A - a ring of protection from cold (on tentacle)
Wands
 c - a wand of charming (25)
 n - a wand of polymorph (6)
Scrolls
 a - 10 scrolls of identify {unknown}
 f - a scroll of noise {unknown}
 g - 2 scrolls of immolation {unknown}
 i - 3 scrolls of vulnerability {unknown}
 p - 2 scrolls of fear {unknown}
 r - 3 scrolls of poison {unknown}
 F - a scroll of torment {unknown}
 G - a scroll of teleportation {unknown}
Potions
 d - a potion of berserk rage {unknown}
 h - a potion of ambrosia {unknown}
 k - a potion of heal wounds {unknown}
 m - 2 potions of degeneration {unknown}
 q - 2 potions of curing {unknown}
 t - 3 potions of invisibility {unknown}
 u - 2 potions of cancellation {unknown}
 v - a potion of attraction {unknown}
 w - a potion of lignification {unknown}
 B - a potion of resistance {unknown}
 C - a potion of flight {unknown}
 D - 2 potions of brilliance {unknown}
Miscellaneous
 x - a piece from Xom's chessboard (15/15)


   Skills:
 * Level 7.1 Fighting
 + Level 3.5 Short Blades
 + Level 2.5 Dodging
 - Level 1.3 Stealth
 - Level 7.3 Unarmed Combat
 * Level 5.6 Spellcasting
 - Level 3.2 Evocations


You had 19 spell levels left.
You didn't know any spells.
Your spell library contained the following spells:

 Spells                   Type           Power      Damage    Failure   Level
 Summon Small Mammal      Summ           16%        N/A       14%         1
 Ensorcelled Hibernation  Hex/Ice        8%         N/A       21%         2
 Call Canine Familiar     Summ           4%         N/A       38%         3
 Spider Form              Tmut/Pois      4%         N/A       38%         3
 Summon Guardian Golem    Hex/Summ       4%         N/A       38%         3
 Anguish                  Hex/Necr       2%         N/A       80%         4


Dungeon Overview and Level Annotations

Branches:
Dungeon (7/15)             Temple (1/1) D:4

Altars:
Ashenzari
Cheibriados
Dithmenos
Gozag
Kikubaaqudgha
Nemelex Xobeh
Okawaru
Qazlal
Ru
Sif Muna
Uskayaw
Vehumet
Xom
Yredelemnul
Zin
The Shining One

Shops:
D:1 [   D:5 [   D:7 !

Annotations:
D:2 1 runed translucent door, exclusion: door, Crazy Yiuf
D:5 exclusions: downstairs and 1 more exclusion
D:7 1 exclusion, Pikel


Innate Abilities, Weirdness & Mutations

You cannot wear most types of armour.
You are amphibious.
You can wear up to eight rings at the same time.
Your skin changes colour to match your surroundings (Stealth+).
Your rubbery body absorbs attacks. (AC +1, EV +1)
((You are camouflaged when in or above water. (Stealth+)))
You have tentacles for arms and can constrict up to eight enemies at once.


Message History

Items here: $ )) / ? [[.
You puncture the wight! Your grab misses the wight.
You tentacle-slap the wight.
The wight is heavily damaged.
The wight is distracted by your dazzling golden aura.
You puncture the wight!
You destroy the wight!
The wight is distracted by your dazzling golden aura.
The sky beast hits you. The sky beast shocks you.
You closely miss the sky beast. The sky beast hits you.
The sky beast shocks you.
The iguana hisses angrily.
You hit the sky beast. You squeeze the sky beast.
The sky beast is moderately wounded.
You hit the sky beast but do no damage. Your squeeze misses the sky beast.
The sky beast is moderately wounded.
The sky beast barely misses you.
You puncture the sky beast!
The sky beast is severely wounded.
You hit the sky beast.
The sky beast is almost dead.
The sky beast hits you. The sky beast shocks you.
You puncture the sky beast!
You kill the sky beast!
The sky beast's corpse dissolves into shadows!
You closely miss the wight. You grab the wight.
You constrict the wight, but do no damage.
You barely miss the wight. Your squeeze misses the wight.
You constrict the wight, but do no damage.
The wight hits you with a +0 long sword!
* * * LOW HITPOINT WARNING * * *
You puncture the wight!
The wight is moderately damaged.
You constrict the wight, but do no damage.
You puncture the wight!
The wight is almost destroyed.
You constrict the wight, but do no damage.
The wight hits you with a +0 long sword!
You die...
Your body crumbles into a pile of gold.

5!55# #.....# .^### #.####..####
###.# .## ##...# .#
#######..####.### #.............#
..####l.####### # #z## # #@# ###
## #.# ###########.. .# ...#
###.####...........#
.#######.#..##........###########
.............#.....####
...................#
##............##..##
##.........<..###.#
(#..>.........# #.#


You could see an iguana (summoned) and a wight.

Vanquished Creatures
  Sigmund (D:2)
  A wraith (D:6)
  A wyvern (D:6)
  A water moccasin (D:7)
  2 ice beasts
  2 ogres
  A centaur (D:7)
  A phantom (D:6)
  Blork the orc (D:5)
  2 necrophages
  A scorpion (D:5)
  7 wights
  4 howler monkeys
  A jelly (D:7)
  A hound (D:5)
  An orc priest (D:5)
  Natasha (thrice) (D:2)
  An iguana (D:5)
  3 orc wizards
  22 gnolls
  8 adders
  A shadow imp (D:7)
  2 white imps
  2 worms
  3 dart slugs
  24 orcs
  4 bats
  6 endoplasms
  3 giant cockroaches
  10 goblins
  4 hobgoblins
  29 jackals
  4 quokkas
  5 ball pythons
  5 frilled lizards
  7 kobolds
  5 rats
  A butterfly (D:4)
180 creatures vanquished.

Vanquished Creatures (others)
  A jelly (D:5)
  A plant (D:5)
2 creatures vanquished.

Grand Total: 182 creatures vanquished

Notes
Turn   | Place    | Note
-------+----------+-------------------------------------------
     0 | D:1      | H0rd4k the Octopode Artificer began the quest for the Orb.
     0 | D:1      | Reached XP level 1. HP: 13/13 MP: 1/1
    22 | D:1      | Reached XP level 2. HP: 12/18 MP: 1/3
    28 | D:1      | Reached skill level 1 in Spellcasting
  1018 | D:1      | Reached XP level 3. HP: 18/24 MP: 4/4
  1217 | D:1      | Found Enyenken's Armour Shop.
  1240 | D:1      | Reached skill level 1 in Unarmed Combat
  1854 | D:2      | Noticed Natasha
  1860 | D:2      | Killed Natasha
  1861 | D:2      | Reached XP level 4. HP: 30/30 MP: 6/6
  2056 | D:2      | Noticed Natasha
  2059 | D:2      | Killed Natasha
  2292 | D:2      | Noticed Natasha
  2298 | D:2      | Killed Natasha
  2299 | D:2      | Reached XP level 5. HP: 28/36 MP: 8/8
  2449 | D:2      | Found a runed translucent door.
  2450 | D:2      | Noticed Crazy Yiuf
  2513 | D:2      | Noticed Sigmund
  2520 | D:2      | Killed Sigmund
  2521 | D:2      | Reached XP level 6. HP: 24/42 MP: 8/10
  3264 | D:3      | Found a stormy altar of Qazlal.
  4085 | D:4      | Found a staircase to the Ecumenical Temple.
  4108 | Temple   | Entered the Ecumenical Temple
  4145 | Temple   | Became a worshipper of Gozag Ym Sagoz the Greedy
  4341 | D:4      | Found a shimmering altar of Xom.
  4993 | D:4      | Found an iron altar of Okawaru.
  4996 | D:4      | Reached XP level 7. HP: 47/47 MP: 11/11
  5023 | D:5      | Entered Level 5 of the Dungeon
  5034 | D:5      | Found a shimmering blue altar of Sif Muna.
  5124 | D:5      | Noticed Blork the orc
  5395 | D:5      | Reached skill level 5 in Unarmed Combat
  5793 | D:5      | Found Degili's Antique Armour Shoppe.
  6275 | D:5      | Identified the +7 dagger "Earthworm" {speed, rPois Will+
                  | Str-3 Dex+4}
  6324 | D:5      | Reached XP level 8. HP: 41/54 MP: 13/13
  7223 | D:5      | Killed Blork the orc
  7336 | D:6      | Noticed a wraith
  7339 | D:6      | Reached skill level 5 in Fighting
  7509 | D:6      | Reached skill level 1 in Short Blades
  7846 | D:6      | Noticed a wyvern
  7852 | D:6      | Killed a wyvern
  7853 | D:6      | Reached XP level 9. HP: 62/62 MP: 16/16
  7901 | D:6      | Reached skill level 5 in Spellcasting
  8689 | D:7      | Noticed Pikel
  8917 | D:7      | Found Soyvvige's Distillery.
  9117 | D:7      | Slain by a wight

Illustrated notes

Levels and vault maps discovered:
D:1:      dpeg_arrival_pond, layout_loops_corners, serial_shops, shop,
          amcnicky_mini_rare_corridor_liquid, minmay_heptomino_o4
D:2:      layout_basic, uniq_sigmund, uniq_natasha, uniq_crazy_yiuf_cottage
D:3:      layout_loops_ring, lemuel_tele_altar
D:4:      nicolae_cairo_tiling_large, layout_basic, xom_butterflies,
          okawaru_altar_gauntlet_db, minmay_temple_entry_trees
D:5:      lemuel_castle_with_subvaults [lemuel_castle_interior_carwin_3],
          layout_loops_corners, mainiacjoe_overflow_six_doors_small,
          serial_shops, nicolae_shop_trees, minmay_puff, uniq_blork_the_orc
D:6:      layout_basic, grunt_decor_arrowhead, grunt_ministairs_5
D:7:      layout_rooms, serial_shops, nicolae_shop_hallway_stairs, uniq_pikel
Temple:   nicolae_temple_ecumenical_triangle

Skill      XL: |  1  2  3  4  5  6  7  8  9 |
---------------+----------------------------+-----
Spellcasting   | 1 2 3 4 5 |  5.6
Fighting       | 2 3 4 6 7 |  7.1
Unarmed Combat | 1 2 3 4 6 7 |  7.3
Short Blades   | 1 3 |  3.5
Dodging        | |  2.5
Stealth        | |  1.3
Evocations     | |  3.2

Action                   |  1- 3 |  4- 6 |  7- 9 || total
-------------------------+-------+-------+-------++-------
Melee: Unarmed           |    97 |    83 |   105 ||   285
       Constrict         |    28 |    23 |    52 ||   103
       Tentacles         |    31 |    22 |    48 ||   101
       Punch             |     2 |     3 |    11 ||    16
       Dagger            |       |       |    89 ||    89
Evoke: Wand              |     1 |     3 |    19 ||    23
       Piece from Xom's  |       |       |     1 ||     1
 Stab: Sleeping          |     6 |     8 |    11 ||    25
       Distracted        |       |       |     4 ||     4
Armor: Skin              |     3 |     8 |     6 ||    17
Dodge: Dodged            |    58 |    38 |    61 ||   157
